 Dungeon Crawl Stone Soup version 0.30-a0-802-gb92711bcdf (webtiles) character file.

Game seed: 6416776375517771461

445 Pimp the Trooper (level 6, -4/56 HPs)
             Began as a Minotaur Fighter on Feb 23, 2023.
             Killed by an exploding quokka (10 damage)
             ... ignited by their inner flame
             ... on level 4 of the Dungeon.
             The game lasted 00:05:21 (2702 turns).

Pimp the Trooper (Minotaur Fighter)                 Turns: 2702, Time: 00:05:21

Health: -4/56      AC:  7    Str: 23      XL:     6   Next: 72%
Magic:  5/5        EV:  9    Int:  5      God:
Gold:   152        SH:  4    Dex:  7 (9)  Spells: 5/5 levels left

rFire   + . .      SeeInvis +    a - +0 long sword
rCold   . . .      Faith    .    c - +0 buckler
rNeg    . . .      Spirit   .    b - +0 scale mail
rPois   .          Reflect  .    (helmet restricted)
rElec   .          Harm     .    (no cloak)
rCorr   +          Rampage  .    (no gloves)
Will    .....                    (no boots) Stlth
                                 l - amulet "Weuttar" {RegenMP rF+ rCorr SInv}
HPRegen 0.29/turn                (no ring)
MPRegen 0.49/turn                (no ring)

@: no status effects
A: horns 2, retaliatory headbutt
a: no special abilities


You were on level 4 of the Dungeon.
You visited 1 branch of the dungeon, and saw 4 of its levels.

You collected 152 gold pieces.

Inventory:

Hand Weapons
 a - a +0 long sword (weapon)
 s - a +2 short sword of holy wrath
Armour
 b - a +0 scale mail (worn)
 c - a +0 buckler (worn)
Jewellery
 l - the amulet "Weuttar" (around neck) {RegenMP rF+ rCorr SInv}
   (You acquired it on level 3 of the Dungeon)

   [amulet of magic regeneration]

   It increases your rate of magic regeneration.
   rF:        It protects you from fire.
   SInv:      It lets you see invisible.
   rCorr:     It protects you from acid and corrosion.
Wands
 q - a wand of paralysis (11)
Scrolls
 e - 2 scrolls of amnesia
 g - 7 scrolls of identify
 k - a scroll of immolation
 m - 2 scrolls of teleportation {unknown}
 p - 2 scrolls of enchant armour {unknown}
 t - a scroll of poison {unknown}
Potions
 d - a potion of might
 f - a potion of curing
 h - a potion of brilliance {unknown}
 i - a potion of lignification
 j - 2 potions of mutation {unknown}
 n - 2 potions of degeneration {unknown}
 o - a potion of haste {unknown}
 r - a potion of magic {unknown}


   Skills:
 + Level 5.5 Fighting
 + Level 4.8 Long Blades
 + Level 5.5 Armour
 + Level 5.5 Shields


You had 5 spell levels left.
You didn't know any spells.
Your spell library contained the following spells:

 Spells                   Type           Power      Damage    Failure   Level
 Necrotise                Necr           0%         1d4       86%         1
 Inner Flame              Hex/Fire       0%         N/A       99%         3
 Vampiric Draining        Necr           0%         2d6       99%         3
 Cause Fear               Hex            0%         N/A       100%        4
 Agony                    Necr           0%         N/A       100%        5
 Discord                  Hex            0%         N/A       100%        8


Dungeon Overview and Level Annotations

Branches:
Dungeon (4/15)
 Temple: D:4-7

Altars:
Gozag
Uskayaw
Wu Jian
The Shining One

Annotations:
D:3 Ijyb
D:4 Eustachio


Innate Abilities, Weirdness & Mutations

You have a pair of horns on your head.
You reflexively headbutt those who attack you in melee.


Message History

You block the rat's attack. The quokka bites you.
The bat completely misses you.
Eustachio gestures wildly while chanting.
You block the quokka's attack.
You miss the quasit.
The rat disappears in a puff of smoke!
The bat closely misses you. You furiously retaliate!
You headbutt the bat!
You kill the bat!
The bat's corpse disappears in a puff of smoke!
The ufetubus hits you but does no damage.
You block the ufetubus's attack. You block the quokka's attack.
Eustachio mumbles some strange words.
The quasit bites you.
You feel clumsy.
The quasit claws you but does no damage. x2
The ufetubus hits you. The ufetubus misses you.
The quasit bites you but does no damage.
The quasit claws you.
* * * LOW HITPOINT WARNING * * *
You feel clumsy.
The quasit claws you but does no damage.
The quokka barely misses you.
The quasit bites you but does no damage.
The quasit claws you but does no damage.
The quasit barely misses you.
As you read the scroll labelled BEREUDGH ACHUT, it crumbles to dust.
The creatures around you are filled with an inner flame!
It was a scroll of immolation.
The ufetubus misses you. You furiously retaliate!
You headbutt the ufetubus!
The ufetubus disappears in a puff of smoke!
The ufetubus explodes!
The fiery explosion engulfs you! You resist.
* * * LOW HITPOINT WARNING * * *
The fiery explosion engulfs the quasit!!
The quasit resists.
The quasit disappears in a puff of smoke!
The fiery explosion engulfs the quokka!!
The quokka's corpse disappears in a puff of smoke!
The quokka explodes!
The fiery explosion engulfs you! You resist.
You die...

.. #............#
#..##...............
#...#..............#.
#..........!........ ##
##.......§.........# ##.
#..........§.......# #..
......5§§§.........###..
#...r§§§.........##...
#.rr@@§§....)....#....
#..>.§§§..............
#...........#.........
#...........##........
##.........####.......
#........## #.......
##........ #........
##........ #........
######.............


You could see Eustachio (inner flame), a river rat (summoned, inner flame), a
white imp (summoned, inner flame), a quokka (summoned, inner flame) and a rat
(summoned, inner flame).

Vanquished Creatures
  Sigmund (D:3)
  An orc priest (D:4)
  Crazy Yiuf (D:2)
  Terence (D:3)
  2 orc wizards (D:4)
  Robin (D:2)
  5 adders
  A worm (D:3)
  A dart slug (D:4)
  4 orcs
  5 endoplasms
  4 giant cockroaches (D:1)
  16 goblins
  10 hobgoblins
  4 jackals (D:1)
  5 quokkas
  5 ball pythons
  5 bats
  2 frilled lizards
  4 kobolds
  9 rats
87 creatures vanquished.

Notes
Turn   | Place    | Note
-------+----------+-------------------------------------------
     0 | D:1      | Pimp the Minotaur Fighter began the quest for the Orb.
     0 | D:1      | Reached XP level 1. HP: 19/19 MP: 0/0
   210 | D:1      | Reached XP level 2. HP: 26/27 MP: 1/1
   395 | D:1      | Found a faded altar of an unknown god.
   542 | D:1      | Reached XP level 3. HP: 33/33 MP: 2/2
   811 | D:2      | Found a hide-covered altar of Uskayaw.
   999 | D:2      | Noticed Robin
  1010 | D:2      | Killed Robin
  1014 | D:2      | Reached XP level 4. HP: 29/40 MP: 3/3
  1175 | D:2      | Found a runed translucent door.
  1176 | D:2      | Noticed Crazy Yiuf
  1187 | D:2      | Killed Crazy Yiuf
  1644 | D:3      | Reached XP level 5. HP: 29/47 MP: 4/4
  1729 | D:3      | Found an opulent altar of Gozag.
  1736 | D:3      | Found a glowing golden altar of the Shining One.
  1795 | D:3      | Noticed Sigmund
  1814 | D:3      | Identified a scroll of acquirement
  1815 | D:3      | Acquired the amulet "Weuttar" {RegenMP rF+ rCorr SInv}
  1826 | D:3      | Killed Sigmund
  1827 | D:3      | Reached skill level 5 in Fighting
  1827 | D:3      | Reached skill level 5 in Armour
  1827 | D:3      | Reached skill level 5 in Shields
  1827 | D:3      | Reached XP level 6. HP: 35/56 MP: 5/5
  1941 | D:3      | Found an ornate altar of the Wu Jian Council.
  1959 | D:3      | Noticed Terence
  1968 | D:3      | Killed Terence
  2047 | D:3      | Noticed Ijyb
  2661 | D:4      | Noticed Eustachio
  2702 | D:4      | Killed by an exploding quokka... ignited by their inner
                  | flame

Illustrated notes

Levels and vault maps discovered:
D:1:      ncdulo_watergridlock, layout_loops_ring,
          nicolae_ecumenical_snake_handling, minmay_octomino_j4
D:2:      layout_loops_ring, basic_altar, uniq_robin, uniq_crazy_yiuf_cottage
D:3:      layout_basic, mainiacjoe_overflow_big_doors,
          nicolae_overflow_hidden_temple, uniq_terence, uniq_sigmund, uniq_ijyb
D:4:      layout_cave_pods, lemuel_doored_altar, minmay_manual_mullet,
          uniq_eustachio, uniq_menkaure, uniq_blork_the_orc

Skill      XL: |  1  2  3  4  5 |
---------------+----------------+-----
Fighting       | 4 5 |  5.5
Armour         | 4 5 |  5.5
Shields        | 4 5 |  5.5
Long Blades    | 3 4 |  4.8

Action                     |  1- 3 |  4- 6 || total
---------------------------+-------+-------++-------
  Melee: Long sword        |   110 |   119 ||   229
         Headbutt          |     9 |    17 ||    26
    Use: Scroll            |       |     5 ||     5
         Potion            |       |     3 ||     3
 Armour: Scale mail        |    57 |    93 ||   150
  Dodge: Dodged            |    58 |    89 ||   147
  Block: Buckler           |    28 |    44 ||    72

Table legend: (Time is in decaauts)
 A = Elapsed time spent in this place.
 B = Non-inter-level travel time spent in this place.
 C = Inter-level travel time spent in this place.
 D = Time resting spent in this place.
 E = Time spent auto-exploring this place.
 F = Levels seen in this place.
 G = Mean time per level.
                   A        B        C        D        E       F      G
               +--------+--------+--------+--------+--------+-----+--------+
         Total |   2772 |   2730 |     42 |    413 |   1622 |   4 |  693.0 |
       Dungeon |   2772 |   2730 |     42 |    413 |   1622 |   4 |  693.0 |
               +--------+--------+--------+--------+--------+-----+--------+

Top non-repeatable levels by time:
     D:2: 871 daAuts
     D:1: 764 daAuts
     D:3: 676 daAuts
     D:4: 461 daAuts
